 Dungeon Crawl Stone Soup version 0.27-a0-1548-gf8a67e7463 (webtiles) character file.

Game seed: 6219455118898861025

436 Spaninq the Ruffian (level 6, 0/61 HPs)
             Began as a Troll Earth Elementalist on July 13, 2021.
             Was a Follower of Vehumet.
             Slain by a wraith (9 damage)
             ... in an ossuary.
             The game lasted 00:07:09 (2821 turns).

Spaninq the Ruffian (Troll Earth Elementalist)      Turns: 2821, Time: 00:07:09

Health: 0/61       AC:  3    Str: 17    XL:     6   Next: 69%
Magic:  6/6        EV:  9    Int: 13    God:    Vehumet [*.....]
Gold:   179        SH:  0    Dex: 10    Spells: 3/7 levels left

rFire    . . .     SeeInvis .     - Unarmed
rCold    . . .     Faith    .   (no shield)
rNeg     . . .     Spirit   .   b - +0 robe
rPois    .         Reflect  .   (helmet restricted)
rElec    .         Harm     .   (no cloak)
rCorr    .         Rampage  .   (gloves unavailable)
Will     .....                  (boots unavailable)
Stlth    +.........             e - amulet of the acrobat
HPRegen  1.20/turn              (no ring)
MPRegen  0.10/turn              (no ring)

@: slowed, very slow
A: large, unfitting armour, claws 3, regeneration 1, shaggy fur 1, tough skin 1,
deformed body, noise suppression
a: Renounce Religion


You were in an ossuary.
You worshipped Vehumet.
Vehumet was aware of your devotion.
You visited 1 branch of the dungeon, and saw 4 of its levels.
You also visited: Ossuary.

You collected 179 gold pieces.

Inventory:

Missiles
 c - 66 stones
 h - 4 large rocks
Armour
 b - a +0 robe (worn)
Jewellery
 e - an amulet of the acrobat (around neck)
 o - a ring of see invisible
Scrolls
 d - 2 scrolls of vulnerability {unknown}
 f - 6 scrolls of teleportation {unknown}
 g - a scroll of blinking {unknown}
 i - 3 scrolls of enchant weapon {unknown}
 l - 3 scrolls of identify {unknown}
 p - a scroll of magic mapping {unknown}
 r - a scroll of amnesia {unknown}
Potions
 a - 3 potions of degeneration {unknown}
 j - 2 potions of mutation
 k - a potion of brilliance {unknown}
 m - a potion of curing {unknown}
 n - a potion of haste {unknown}
 q - a potion of resistance {unknown}


   Skills:
 + Level 3.1 Fighting
 - Level 1.5 Dodging
 - Level 1.0 Stealth
 * Level 5.5 Unarmed Combat
 - Level 1.2 Spellcasting
 - Level 0.6 Transmutations
 - Level 2.6 Earth Magic


You had 3 spell levels left.
You knew the following spells:

 Your Spells              Type           Power      Damage    Failure   Level
a - Sandblast             Erth           14%        2d6       9%          1
b - Passwall              Tmut/Erth      4%         N/A       22%         2
c - Freeze                Ice            0%         1d3       28%         1

Your spell library contained the following spells:

 Spells                   Type           Power      Damage    Failure   Level
 Stone Arrow              Conj/Erth      8%         3d7       43%         3
 Petrify                  Tmut/Erth      5%         N/A       80%         4


Dungeon Overview and Level Annotations

Branches:
Dungeon (4/15)            Ossuary (1/1)
 Temple: D:4-7

Altars:
Gozag
Nemelex Xobeh
Vehumet


Innate Abilities, Weirdness & Mutations

You are too large for most types of armour.
You have claws for hands.
Your natural rate of healing is unusually fast.
You are covered in fur. (AC +1)
You have tough skin. (AC +1)
Armour fits poorly on your strangely shaped body.
You passively dampen the noise of your surroundings.


Message History

The wraith closely misses you.
You claw the wraith!
The wraith is severely damaged.
The wraith hits you. The wraith drains your vigour!
You feel as though you will be slow longer.
You barely miss the wraith.
The wraith is severely damaged.
The wraith hits you. The wraith drains your vigour!
You feel as though you will be slow longer.
The wraith barely misses you.
You closely miss the wraith.
The wraith is severely damaged.
The wraith hits you. The wraith drains your vigour!
You feel as though you will be slow longer.
You closely miss the wraith.
The wraith is severely damaged.
The wraith hits you.
You closely miss the wraith.
The wraith is severely damaged.
The wraith barely misses you. The wraith hits you!
The wraith drains your vigour!
You feel as though you will be slow longer.
You scratch the wraith.
The wraith is almost destroyed.
The wraith hits you.
* * * LOW HITPOINT WARNING * * *
The wraith drains your vigour!
You feel as though you will be slow longer.
You barely miss the wraith.
The wraith is almost destroyed.
The wraith hits you!
* * * LOW HITPOINT WARNING * * *
The wraith drains your vigour!
You feel as though you will be slow longer.
The wraith barely misses you.
It was a potion of mutation.
You feel extremely strange.
Your body twists and deforms.
You feel your surroundings grow quieter.
The wraith hits you!
You die...

##########
#.........
#.@# #.#W#
#
#.###.###
#........
#........
#.###.//!
#.#z#.?/?
#.###.!??
#........


You could see a wraith.

Vanquished Creatures
  Sigmund (D:3)
  A black bear (D:4)
  A wight (Ossuary)
  A hound skeleton (D:4)
  Robin (D:2)
  3 adders
  An adder zombie (Ossuary)
  A worm (D:3)
  4 dart slugs
  9 endoplasms
  4 giant cockroaches
  13 goblins
  6 hobgoblins
  7 jackals
  8 kobolds
  5 quokkas
  6 ball pythons
  A ball python skeleton (Ossuary)
  2 bats (D:1)
  5 frilled lizards
  3 hobgoblin zombies (Ossuary)
  2 kobold zombies (Ossuary)
  An orc skeleton (Ossuary)
  An orc zombie (Ossuary)
  5 rats
92 creatures vanquished.

Notes
Turn   | Place    | Note
-------+----------+-------------------------------------------
     0 | D:1      | Spaninq the Troll Earth Elementalist began the quest for
                  | the Orb.
     0 | D:1      | Reached XP level 1. HP: 16/16 MP: 1/1
   134 | D:1      | Reached skill level 1 in Unarmed Combat
   167 | D:1      | Reached XP level 2. HP: 26/26 MP: 2/2
   404 | D:1      | Reached skill level 1 in Fighting
   404 | D:1      | Reached skill level 2 in Unarmed Combat
   460 | D:1      | Reached XP level 3. HP: 33/33 MP: 3/3
   463 | D:1      | Learned a level 2 spell: Passwall
   894 | D:2      | Noticed Robin
   921 | D:2      | Killed Robin
   925 | D:2      | Reached XP level 4. HP: 30/41 MP: 4/4
   931 | D:2      | Reached skill level 3 in Unarmed Combat
  1873 | D:3      | Found a radiant altar of Vehumet.
  1956 | D:3      | Became a worshipper of Vehumet
  1991 | D:3      | Found a faded altar of an unknown god.
  2003 | D:3      | Found an opulent altar of Gozag.
  2091 | D:3      | Noticed Sigmund
  2108 | D:3      | Killed Sigmund
  2109 | D:3      | Reached skill level 4 in Unarmed Combat
  2109 | D:3      | Reached XP level 5. HP: 28/50 MP: 5/5
  2145 | D:3      | Reached XP level 6. HP: 59/59 MP: 6/6
  2586 | D:4      | Reached skill level 5 in Unarmed Combat
  2602 | D:4      | Found a sparkling altar of Nemelex Xobeh.
  2652 | D:4      | Found a sand-covered staircase.
  2660 | Ossuary  | Entered an ossuary
  2767 | Ossuary  | Noticed a flying skull
  2767 | Ossuary  | Noticed a wraith
  2785 | Ossuary  | Reached * piety under Vehumet
  2785 | Ossuary  | Offered knowledge of Freeze by Vehumet.
  2788 | Ossuary  | Learned a level 1 spell: Freeze
  2788 | Ossuary  | Noticed a flying skull
  2800 | Ossuary  | Noticed a wraith
  2821 | Ossuary  | Gained mutation: Armour fits poorly on your strangely
                  | shaped body. [potion of mutation]
  2821 | Ossuary  | Gained mutation: You passively dampen the noise of your
                  | surroundings. [potion of mutation]
  2821 | Ossuary  | Slain by a wraith

Illustrated notes

Levels and vault maps discovered:
D:1:      dpeg_arrival_three_same_balls, layout_loops_ring
D:2:      layout_basic, uniq_robin
D:3:      layout_loops_ring, fiery_altar_vehumet, mainiacjoe_overflow_catwalk,
          basic_ecumenical_altar, uniq_sigmund
D:4:      layout_basic, lemuel_crystal_altar, enter_ossuary_3,
          amcnicky_mini_pool_small, uniq_eustachio
Ossuary:  ossuary_due_cavern

Skill      XL: |  1  2  3  4  5  6 |
---------------+-------------------+-----
Unarmed Combat | 1 2 4 5 |  5.5
Fighting       | 1 2 3 |  3.1
Dodging        | |  1.5
Stealth        | |  1.0
Spellcasting   | |  1.2
Transmutations | |  0.6
Earth Magic    | |  2.6

Action                   |  1- 3 |  4- 6 || total
-------------------------+-------+-------++-------
Melee: Unarmed           |   100 |   151 ||   251
       Punch             |       |     1 ||     1
 Cast: Passwall          |     1 |       ||     1
  Use: Potion            |       |     1 ||     1
 Stab: Sleeping          |     1 |     9 ||    10
Armor: Robe              |    13 |    33 ||    46
Dodge: Dodged            |    48 |    78 ||   126

Table legend: (Time is in decaauts)
 A = Elapsed time spent in this place.
 B = Non-inter-level travel time spent in this place.
 C = Inter-level travel time spent in this place.
 D = Time resting spent in this place.
 E = Time spent auto-exploring this place.
 F = Levels seen in this place.
 G = Mean time per level.
                   A        B        C        D        E       F      G
               +--------+--------+--------+--------+--------+-----+--------+
         Total |   2810 |   2685 |    125 |      6 |   1962 |   5 |  562.0 |
       Dungeon |   2647 |   2522 |    125 |      6 |   1929 |   4 |  661.8 |
       Ossuary |    162 |    162 |      0 |      0 |     33 |   1 |  162.0 |
               +--------+--------+--------+--------+--------+-----+--------+

Top non-repeatable levels by time:
     D:2: 1053 daAuts
     D:1: 812 daAuts
     D:3: 690 daAuts
 Ossuary: 162 daAuts
     D:4: 92 daAuts
